 Dungeon Crawl Stone Soup version 0.30-a0-422-g946f4849ff (webtiles) character file.

Game seed: 12454340972301850387

1937129 MackTheKnife the Conqueror (level 27, 249/249 HPs)
             Began as a Barachi Hunter on Dec 7, 2022.
             Was a High Priest of Okawaru.
             Escaped with the Orb
             ... and 3 runes on Dec 8, 2022!
             The game lasted 02:14:10 (51502 turns).

MackTheKnife the Conqueror (Barachi Hunter)        Turns: 51502, Time: 02:14:11

Health: 249/249    AC: 33    Str: 13    XL:     27
Magic:  43/43      EV: 45    Int: 14    God:    Okawaru [*****.]
Gold:   4439       SH:  0    Dex: 36    Spells: 26/26 levels left

rFire   + + .      SeeInvis +    b - +10 triple crossbow "Newtslayer" {penet, rF+ rN+ Will+, crossbow}
rCold   + + +      Faith    +    (shield currently unavailable)
rNeg    + . .      Spirit   .    I - +7 faerie dragon scales {Drain rElec rF+ rCorr}
rPois   +          Reflect  .    s - +0 helmet of the Stag {Int+3 Dex+4 SInv}
rElec   +          Harm     .    k - +1 cloak of Starlight {*Dazzle EV+4 Stlth--}
rCorr   +          Rampage  .    o - +3 pair of gauntlets of War {Slay+5}
Will    +++++                    W - +0 pair of boots "Vuatti" {rPois rC+}
Stlth   +.........               g - amulet of faith {!P}
HPRegen 0.61/turn                L - ring "Yruis" {rC++ Will+ MP+9 Int-4 SInv}
MPRegen 0.28/turn                S - +6 ring of dexterity

@: unable to hop, studying Ice Magic, slow
A: amphibious, slowness 1, strong legs 2, +LOS, iridescent scales 1, clever 1,
deterioration 1, strong-willed 1, MP-powered wands
0: Orb of Zot
}: 3/15 runes: decaying, serpentine, silver
a: Hop, Renounce Religion, Heroism, Finesse, Duel


You escaped.
You worshipped Okawaru.
Okawaru was extremely pleased with you.
You visited 10 branches of the dungeon, and saw 48 of its levels.
You also visited: Bailey and Ice Cave.

You collected 7710 gold pieces.
You spent 3271 gold pieces at shops.


Innate Abilities, Weirdness & Mutations

You are amphibious.
You cover ground slowly.
You can hop long distances.
You have an extended range of vision and can be seen from far away.
You are partially covered in iridescent scales. (AC +2)
Your mind is acute. (Int +4, Str/Dex -1)
Your body sometimes deteriorates upon taking damage.
You are strong-willed. (Will+)
You expend magic power (3 MP) to strengthen your wands.


   Skills:
 O Level 27 Fighting
 - Level 22.3 Ranged Weapons
 - Level 22.2 Armour
 - Level 23.0 Dodging
 - Level 0.8 Stealth
 - Level 15.3 Invocations
 + Level 19.9 Evocations


You had 26 spell levels left.
You didn't know any spells.
Your spell library contained the following spells:

 Spells                   Type           Power      Damage    Failure   Level
 Apportation              Tloc           0%         N/A       34%         1
 Beastly Appendage        Tmut           0%         N/A       34%         1
 Necrotise                Necr           0%         1d4       34%         1
 Cigotuvi's Dreadful Rot  Necr/Pois/Air  0%         N/A       45%         2
 Ensorcelled Hibernation  Hex/Ice        0%         N/A       45%         2
 Static Discharge         Conj/Air       0%         2-2/arc   45%         2
 Wereblood                Tmut           0%         N/A       45%         2
 Dazzling Flash           Conj/Hex       0%         N/A       71%         3
 Spider Form              Tmut/Pois      0%         N/A       71%         3
 Vhi's Electric Charge    Tloc/Air       0%         N/A       71%         3
 Anguish                  Hex/Necr       0%         N/A       98%         4
 Iskenderun's Mystic Bla  Conj/Tloc      0%         2d3       98%         4
 Passage of Golubria      Tloc           0%         N/A       98%         4
 Alistair's Intoxication  Tmut/Pois      0%         N/A       100%        5
 Arcjolt                  Conj/Air       0%         1d10      100%        5
 Borgnjor's Vile Clutch   Necr/Erth      0%         N/A       100%        5
 Freezing Cloud           Conj/Ice/Air   0%         6-21      100%        5
 Lightning Bolt           Conj/Air       0%         1d11      100%        5
 Yara's Violent Unravell  Hex/Tmut       0%         3d3       100%        5
 Eringya's Noxious Bog    Tmut/Pois      0%         N/A       100%        6
 Starburst                Conj/Fire      0%         6d3       100%        6
 Enfeeble                 Hex            0%         N/A       100%        7
 Orb of Destruction       Conj           0%         9d5       100%        7
 Storm Form               Tmut/Air       0%         N/A       100%        7
 Borgnjor's Revivificati  Necr           0%         N/A       100%        8
 Maxwell's Capacitive Co  Air            0%         ∞         100%        8
 Necromutation            Tmut/Necr      0%         N/A       100%        8
 Death's Door             Necr           0%         N/A       100%        9
 Polar Vortex             Ice            0%         N/A       100%        9
 Summon Small Mammal      Summ           Unusable   N/A       N/A         1
 Summon Guardian Golem    Hex/Summ       Unusable   N/A       N/A         3
 Animate Dead             Necr           Unusable   N/A       N/A         4
 Summon Lightning Spire   Summ/Air       Unusable   N/A       N/A         4
 Summon Forest            Summ/Tloc      Unusable   N/A       N/A         5
 Death Channel            Necr           Unusable   N/A       N/A         6
 Simulacrum               Ice/Necr       Unusable   N/A       N/A         6
 Malign Gateway           Summ/Tloc      Unusable   N/A       N/A         7
 Spellforged Servitor     Conj/Summ      Unusable   N/A       N/A         7
 Summon Hydra             Summ           Unusable   N/A       N/A         7
 Dragon's Call            Summ           Unusable   N/A       N/A         9

Inventory:

Hand Weapons
 a - the +9 longbow of Parts Unknown {drain, Int+4 Dex+3, bow}
   (Okawaru gifted it to you on level 1 of the Lair of Beasts)

   A truly terrible weapon, it drains the life of any living foe it strikes.
   Int:       It affects your intelligence (+4).
   Dex:       It affects your dexterity (+3).
 b - the +10 triple crossbow "Newtslayer" (weapon) {penet, rF+ rN+ Will+, crossbow}
   (You bought it in a shop on level 6 of the Dungeon)

   Any ammunition fired by it passes through the targets it hits, potentially
   hitting all targets in its path until it reaches maximum range.
   rF:        It protects you from fire.
   rN:        It protects you from negative energy.
   Will:      It increases your willpower.
Armour
 k - the +1 cloak of Starlight (worn) {*Dazzle EV+4 Stlth--}
   (You acquired it on level 8 of the Dungeon)

   It may blind those who miss an attack against the wearer in melee combat.
   EV:        It affects your evasion (+4).
   Stlth:     It makes you much less stealthy.
 n - a +2 helmet
   (You found it on level 2 of the Dungeon)
 o - the +3 pair of gauntlets of War (worn) {Slay+5}
   (You bought it in a shop on level 8 of the Dungeon)

   Slay:      It affects your accuracy & damage with ranged weapons and melee
   (+5).
 s - the +0 helmet of the Stag (worn) {Int+3 Dex+4 SInv}
   (Okawaru gifted it to you on level 2 of the Depths)

   Int:       It affects your intelligence (+3).
   Dex:       It affects your dexterity (+4).
   SInv:      It lets you see invisible.
 I - the +7 faerie dragon scales (worn) {Drain rElec rF+ rCorr}
   (You took it off the Enchantress on level 2 of the Depths)

   rF:        It protects you from fire.
   rElec:     It insulates you from electricity.
   rCorr:     It protects you from acid and corrosion.
   Drain:     It drains your maximum health when unequipped.
 W - the +0 pair of boots "Vuatti" (worn) {rPois rC+}
   (Okawaru gifted it to you on level 1 of the Elven Halls)

   rC:        It protects you from cold.
   rPois:     It protects you from poison.
Jewellery
 f - the amulet of the Wild Haggis {Acrobat rElec rN+ Int+4}
   (You found it on level 1 of the Realm of Zot)

   [amulet of the acrobat]

   It increases your evasion while moving and waiting.
   Int:       It affects your intelligence (+4).
   rElec:     It insulates you from electricity.
   rN:        It protects you from negative energy.
 g - an amulet of faith (around neck) {!P}
   (You found it on level 1 of the Dungeon)
 p - the ring of Bykosmi {rCorr Str+4 Int+5}
   (You found it on level 5 of the Lair of Beasts)

   [ring of resist corrosion]

   Str:       It affects your strength (+4).
   Int:       It affects your intelligence (+5).
   rCorr:     It protects you from acid and corrosion.
 w - a ring of protection from fire
   (You found it on level 3 of the Dungeon)
 L - the ring "Yruis" (left hand) {rC++ Will+ MP+9 Int-4 SInv}
   (You took it off a deep elf master archer on level 3 of the Elven Halls)

   [ring of magical power]

   Int:       It affects your intelligence (-4).
   rC:        It greatly protects you from cold.
   MP:        It affects your magic capacity (+9).
   SInv:      It lets you see invisible.
   Will:      It increases your willpower.
 S - a +6 ring of dexterity (right hand)
   (You found it on level 5 of the Vaults)
 T - the amulet "Ceicwo" {Acrobat Str+5 Dex+3}
   (You found it on level 5 of the Vaults)

   [amulet of the acrobat]

   It increases your evasion while moving and waiting.
   Str:       It affects your strength (+5).
   Dex:       It affects your dexterity (+3).
Wands
 h - a wand of quicksilver (29)
   (You took it off Pikel on level 7 of the Dungeon)
 j - a wand of roots (30)
   (You took it off Sigmund on level 2 of the Dungeon)
 R - a wand of digging (14)
   (You found it on level 3 of the Swamp)
Scrolls
 i - 8 scrolls of amnesia
 l - 5 scrolls of brand weapon
 m - 17 scrolls of immolation {!r!r}
 q - 4 scrolls of enchant weapon
 v - 3 scrolls of enchant armour
 y - 9 scrolls of fear
 A - 10 scrolls of poison {!r}
 G - 2 scrolls of silence {!r}
 O - 28 scrolls of identify {@r1}
 Q - 4 scrolls of blinking {!r}
 V - 13 scrolls of teleportation {@r4}
Potions
 c - 9 potions of curing {@q1}
 d - a potion of invisibility
 e - 7 potions of cancellation
 r - 4 potions of magic
 t - 3 potions of lignification {!q}
 z - 5 potions of haste {@q3}
 C - 2 potions of might
 F - 10 potions of flight
 H - 8 potions of heal wounds {@q2}
 X - 7 potions of berserk rage {!q}
Miscellaneous
 u - a condenser vane
   (You found it on level 4 of the Vaults)
 K - a piece from Xom's chessboard (15/15)
   (You found it on level 5 of the Lair of Beasts)
 Y - a phial of floods
   (You found it on level 5 of the Vaults)

Dungeon Overview and Level Annotations

Branches:
Dungeon (15/15)            Temple (1/1) D:6            Lair (5/5) D:10
  Swamp (4/4) Lair:3        Snake (4/4) Lair:2        Slime (0/5) Lair:5
    Orc (2/2) D:10            Elf (3/3) Orc:2        Vaults (5/5) D:14
  Crypt (0/3) Vaults:3     Depths (4/4) D:15            Zot (5/5) Depths:4
 Bailey (visited)           IceCv (visited)

Altars:
Ashenzari
Cheibriados
Dithmenos
Elyvilon
Fedhas
Gozag
Hepliaklqana
Kikubaaqudgha
Makhleb
Nemelex Xobeh
Okawaru
Qazlal
Ru
Sif Muna
Trog
Uskayaw
Wu Jian
Xom
Yredelemnul
Zin
The Shining One
Jiyva

Shops:
D:6 :*   D:8 [   Orc:1 :   Orc:2 [=*?(   Snake:1 ?   Snake:3 :   Vaults:1 =
Vaults:2 (   Depths:1 *

Portals:
Hell: Depths:1 Depths:2 Depths:3 Depths:4
Abyss: Depths:1 Depths:3 Depths:4
Pandemonium: Depths:1 Depths:2
Ziggurat: Depths:1

Annotations:
D:3 1 runed translucent door, Xtruder99's ghost, amateur OpTm
Swamp:2 1 runed translucent door, initializr's ghost, adept AtAE
Orc:2 3 runed translucent doors, Wuassiha's ghost, journeyman DjCj
Elf:2 3 runed translucent doors
Depths:1 3 runed translucent doors, Yteiw's ghost, adept HOMo
Zot:2 exclusion: downstairs

####.#..######'#####
#.. #....#..# #.#
#.. #.####..# #.#
#.. #.# #..# #.# #..
#.# #..######.####
######..
#.####............#
#.......
#.......#########.#
#.......
#######.#.......#.#
#.......
#.+...@...'.#
#.......
#.#.......#.#
#.......
#.#########.#
##......
#.#.......#.#
#......
#.+.>.>.>.'.#
#......
###.......###
#...... #########
#######


There were no monsters in sight!


Message History

Okawaru accepts your kill.
No target in view!
No target in view!
(D) Dungeon (T) Temple (L) Lair (S) Swamp (P) Snake Pit (M) Slime Pits (O) Orcish Mines (E) Elven Halls (V) Vaults (C) Crypt (U) Depths (H) Hell (Z) Zot
Where to? (Enter - D:1, ? - help)
Things that are here:
a +0 chain mail; a boomerang {throwing}; a +0 flail {mace}
There is a stone staircase leading up here.
You climb upwards.
There is a stone staircase leading down here.
An Orb Guardian comes into view. 😎 MP[+6]
Your mp is fully restored (43).
You shoot a bolt. The bolt misses the Orb Guardian.
You shoot a bolt.
The bolt pierces through the Orb Guardian!!!!
You kill the Orb Guardian!
Okawaru accepts your kill.
No target in view!
(D) Dungeon (T) Temple (L) Lair (S) Swamp (P) Snake Pit (M) Slime Pits (O) Orcish Mines (E) Elven Halls (V) Vaults (C) Crypt (U) Depths (H) Hell (Z) Zot
Where to? (Enter - D:1, ? - help)
A hellion comes into view.
You shoot a bolt. The bolt pierces through the hellion!
You shoot a bolt. The bolt pierces through the hellion.
You shoot a bolt. The bolt pierces through the hellion!!!
You kill the hellion!
Okawaru accepts your kill.
No target in view!
No target in view!
No target in view!
(D) Dungeon (T) Temple (L) Lair (S) Swamp (P) Snake Pit (M) Slime Pits (O) Orcish Mines (E) Elven Halls (V) Vaults (C) Crypt (U) Depths (H) Hell (Z) Zot
Where to? (Enter - D:1, ? - help)
There is a stone staircase leading up here.
You climb upwards.
There is a stone staircase leading down here.
Things that are here:
a +0 hand axe {axe}; an orc skeleton An Orb Guardian comes into view.
You shoot a bolt.
The bolt pierces through the Orb Guardian!!!
You shoot a bolt.
The bolt barely misses the Orb Guardian.
You shoot a bolt.
The bolt pierces through the Orb Guardian!!!
You kill the Orb Guardian!
Okawaru accepts your kill.
No target in view!
(D) Dungeon (T) Temple (L) Lair (S) Swamp (P) Snake Pit (M) Slime Pits (O) Orcish Mines (E) Elven Halls (V) Vaults (C) Crypt (U) Depths (H) Hell (Z) Zot
Where to? (Enter - D:1, ? - help)
You feel like a meek peon again.
A Poiheis, an ancient lich, a lich and a sixfirhy come into view.
Hop to where?
Press: ? - help, Dir - move target Boing!
Poiheis moves out of view.
The ancient lich moves out of view.
The lich moves out of view.
The sixfirhy moves out of view.
There is a stone staircase leading up here.
The sixfirhy completely misses you.
You climb upwards.
There is a stone staircase leading down here.
(D) Dungeon (T) Temple (L) Lair (S) Swamp (P) Snake Pit (M) Slime Pits (O) Orcish Mines (E) Elven Halls (V) Vaults (C) Crypt (U) Depths (H) Hell (Z) Zot
Where to? (Enter - D:1, ? - help)
What level of the Dungeon? (default 1, ? - help)
Your hands slow down.
There is a stone staircase leading up here.
You climb upwards.
Level annotation: 1 runed translucent door, Xtruder99's ghost, amateur OpTm
There is a stone staircase leading down here.
There is a stone staircase leading up here.
You climb upwards.
There is a stone staircase leading down here.
There is a stone staircase leading up here.
You climb upwards.
There is a stone staircase leading down here.
Aiming: Dig
Press: ? - help, Shift-Dir - straight line Digging in that direction won't affect any walls.
A translucent stone wall.
This square is covered in magical glow.
Okay, then.
Unknown command.
There is a stone staircase leading down here.
There is an open door here.
There is an open door here.
There is a staircase leading out of the dungeon here.
You have escaped!

Skill      XL: |  1  2  3  4  5  6  7  8  9 10 11 12 13 14 15 16 17 18 19 20 21 22 23 24 25 26 27 |
---------------+----------------------------------------------------------------------------------+-----
Ranged Weapons | 5 7 8 9 11 12 14 15 18 20 22 | 22.3
Fighting       | 9 10 14 19 23 24 26 27 | 27.0
Dodging        | 6 7 11 16 20 23 | 23.0
Invocations    | 5 7 10 12 15 | 15.3
Armour         | 13 18 22 | 22.2
Evocations     | 11 17 19 | 19.9
Stealth        | |  0.8

Action                   |  1- 3 |  4- 6 |  7- 9 | 10-12 | 13-15 | 16-18 | 19-21 | 22-24 | 25-27 || total
-------------------------+-------+-------+-------+-------+-------+-------+-------+-------+-------++-------
Melee: Unarmed           |       |       |       |       |       |       |     1 |       |       ||     1
 Fire: Shortbow          |    83 |   124 |    57 |       |       |       |    11 |       |       ||   275
       Sling             |       |       |   347 |   231 |       |       |       |       |       ||   578
       Triple crossbow   |       |       |    33 |   232 |   192 |   111 |   110 |   274 |   628 ||  1580
       Longbow           |       |       |       |    60 |   699 |  1088 |  1347 |  1278 |   122 ||  4594
Invok: Heroism           |       |       |     1 |     9 |    31 |    60 |    47 |    47 |    25 ||   220
       Finesse           |       |       |       |    12 |    10 |    19 |    16 |    19 |    19 ||    95
 Abil: Hop               |     2 |     1 |     7 |     8 |     5 |     5 |     9 |    11 |     8 ||    56
Evoke: Wand              |       |       |     3 |     1 |       |       |     1 |       |     9 ||    14
  Use: Scroll            |       |     2 |     6 |    11 |     6 |     6 |       |     6 |     6 ||    43
       Potion            |       |     2 |     1 |       |       |       |     1 |     2 |    14 ||    20
Armor: Leather armour    |     3 |     9 |    24 |     1 |       |     1 |       |       |       ||    38
       Swamp dragon scal |       |       |       |    33 |    62 |    97 |     8 |       |       ||   200
       Gold dragon scale |       |       |       |       |       |       |    18 |       |       ||    18
       Scale mail        |       |       |       |       |       |       |    90 |     9 |       ||    99
       Acid dragon scale |       |       |       |       |       |       |       |    88 |    40 ||   128
Dodge: Dodged            |    22 |    24 |   101 |   179 |   215 |   275 |   333 |   546 |   236 ||  1931

Levels and vault maps discovered:
D:1:      minmay_arrival_up_and_down, layout_basic
D:2:      layout_rooms, chequers_serial_rivers_room_a, uniq_natasha,
          uniq_sigmund
D:3:      layout_loops_corners, hellmonk_ghost_happy_afterlife
D:4:      layout_loops_ring
D:5:      layout_rooms, mainiacjoe_overflow_paths, nicolae_figureground_sparkle
D:6:      wad_pebble_path, layout_loops_ring, minmay_temple_entry_sparse_star,
          serial_shops, shop, shop, minmay_misc_feat_rows
D:7:      minmay_general_purpose_star, layout_loops_cross,
          mainiacjoe_overflow_six_doors_small, uniq_pikel
D:8:      layout_basic, nemelex_altar_shiori, old_standard_altar,
          marbit_many_paths, serial_shops, nicolae_stop_n_shop_1,
          kennysheep_just_a_vault, uniq_maggie
D:9:      layout_long_grid, mainiacjoe_overflow_chevrons
D:10:     layout_basic, mainiacjoe_overflow_small_starburst,
          mainiacjoe_overflow_alcove_2, erik_lair_island, orc_0_dummy,
          serial_rivers, chequers_serial_rivers_marsh,
          chequers_serial_rivers_small_a, chequers_serial_rivers_room_a,
          chequers_serial_rivers_micro_d, chequers_serial_rivers_room_b,
          chequers_serial_rivers_micro_c, enter_bailey_6
D:11:     layout_basic, uniq_harold
D:12:     layout_long_grid
D:13:     layout_rooms, minmay_misc_feat_ornament
D:14:     layout_basic, david_vaults_5, minmay_misc_feat_secret_circle,
          uniq_jorgrun, uniq_lodul
D:15:     gammafunk_enter_depths_forms, layout_loops_ring
Temple:   nicolae_temple_two_arcs
Lair:1:   layout_misc_corridors, roderic_batcave, grunt_megastairs_4,
          lemuel_fruit_fields
Lair:2:   layout_regular_city, minmay_snake_entry_guardpost_medium,
          serial_forest, infiniplex_forest_lined_room_3,
          infiniplex_forest_clump_curved, infiniplex_forest_end_1,
          infiniplex_forest_lined_2, infiniplex_forest_corner_1,
          infiniplex_forest_join, infiniplex_forest_end_3,
          infiniplex_forest_lined_room_3
Lair:3:   layout_layer_cave, minmay_swamp_entry_eels
Lair:4:   layout_cave_shapes
Lair:5:   grunt_lair_end_beastmaster, layout_regular_city, slime_entry_1
Swamp:1:  layout_basic_swamp, hangedman_swamp_cone
Swamp:2:  layout_basic_swamp, ebering_ghost_reflecting_pool,
          evilmike_swamp_ruin_wall, swamp_pool4,
          nicolae_swamp_feature_on_the_river_bank
Swamp:3:  layout_basic_swamp, evilmike_swamp_ruin_rubble_2
Swamp:4:  swamp_alternative, layout_basic_swamp, swamp_pool1,
          nicolae_swamp_little_tower
Snake:1:  layout_cave_pods, serial_shops, nicolae_shop_stone,
          grunt_ministairs_10, serial_bayou_pond_c, uniq_donald, uniq_azrael,
          uniq_rupert, uniq_aizul
Snake:2:  layout_rooms, drop_trap
Snake:3:  layout_honeycomb, serial_shops, nicolae_stop_n_shop_2,
          portal_ice_cave_entry_pillars_1, nicolae_snake_coiling_death
Snake:4:  hellmonk_snake_rune_quicksilver_temple, layout_cave_town, drop_trap,
          serial_bayou_ford_a, serial_bayou_shore_a, uniq_nikola
Orc:1:    layout_diamond_mine, serial_shops, nicolae_shop_waterfront
Orc:2:    st_orc_mages, layout_diamond_mine, serial_shops, shop,
          gammafunk_ghost_fury_of_okawaru, hellmonk_bongcloud_opening
Elf:1:    eino_elf_arrival_shootout, layout_loops_ring, evilmike_minifort,
          uniq_zenata
Elf:2:    elven_hall_of_blades_hangedman_original
          [nicolae_blade_entry_pointy_end], layout_rooms, patterned_corridor
Elf:3:    grunt_elf_hall_spiral, layout_geoelf_diagonals, serial_shops,
          shop_fountains, nicolae_shop_behind_doors, shop_coins,
          dreamdust_wishing_well, nicolae_elf_blasts_and_bolts
Vaults:1: v_pattern_2, v_misc_17, v_alt_pattern_3, vaults_dpeg_ring,
          grunt_vaults_twisty, vaults_dpeg_emergency_exit,
          grunt_vaults_hallway_long, vaults_dpeg_encased_lava,
          vaults_room_hallway, layout_vaults_big_room, serial_shops,
          nicolae_shop_temple_entry_statues_fountains, uniq_asterion
Vaults:2: v_misc_3, hangedman_vaults_slice, nicolae_vaults_what_the_h,
          ontoclasm_vaults_hangar, vaults_mumra_chevron_long,
          hangedman_vaults_nodes, ontoclasm_vaults_loading_screen,
          vaults_standard_mumra_x, nicolae_vaults_yaktaur_gun_rack,
          layout_vaults_omnigrid, serial_shops, nicolae_shop_crystal
Vaults:3: nicolae_vaults_network_quinsquares
          [nicolae_vaults_network_quincunx_subvault,
          nicolae_vaults_network_quincunx_subvault,
          nicolae_vaults_network_quincunx_subvault,
          nicolae_vaults_network_quincunx_subvault], v_misc_1,
          ontoclasm_vaults_decontamination,
          nicolae_vaults_windows_and_doors_thing, hangedman_vaults_locks,
          hangedman_vaults_impose, grunt_vaults_hallway_long,
          hangedman_vaults_cutoff, nicolae_vaults_angled_halls,
          minmay_crypt_entry_necro_gods, v_misc_11, ontoclasm_vaults_shuriken,
          ontoclasm_vaults_twist, vaults_room_pool,
          nicolae_vaults_diagonal_hallway_6, layout_vaults_omnicross
Vaults:4: ontoclasm_vaults_loading_screen,
          vaults_standard_mumra_enter_the_diamond, nicolae_vaults_alarming,
          v_misc_10, ontoclasm_vaults_gallery, nicolae_vaults_shelves_hall,
          v_rooms_2, grunt_vaults_trifunnel, vaults_room_fours,
          nicolae_vaults_theta, vaults_mumra_chevron, v_misc_17,
          layout_vaults_ring
Vaults:5: serial_shops, uniq_jory, uniq_mara
Depths:1: layout_gridlike, enter_ziggurat_c, biasface_ghost_demon_polymorph,
          serial_shops, nicolae_shop_waterfront, rand_demon_pan_entry_1,
          grunt_decor_clamped, hangedman_abyss_entry_splay, hell_entry,
          dk_noncrumbling_4, nicolae_dithmenos_the_darkroom, grunt_megastairs_3
Depths:2: minmay_nested_s, layout_long_grid, hell_entry, tso_metal_star,
          pan_entry, minmay_staircase_windowed_small
Depths:3: minmay_polygon_palace, layout_basic, serial_bayou,
          serial_bayou_pond_c, serial_bayou_lagoon_b, serial_bayou_lagoon_a,
          serial_bayou_lake_a, hex_tiny, hell_entry,
          nicolae_abyss_entry_one_way_or_another, uniq_enchantress
Depths:4: evilmike_zot_entry_basic, layout_cave_pools,
          grunt_hell_entry_demonic_statue, abyss_entry, uniq_saint_roka,
          uniq_grunn
Zot:1:    gammafunk_dig_for_victory, layout_basic, grunt_megastairs_5
Zot:2:    kennysheep_bubbly, layout_misc_corridors
Zot:3:    layout_gridlike
Zot:4:    kennysheep_blocky_room, layout_misc_corridors, lemuel_golem_globe
Zot:5:    layout_cellular_growth

Notes
Turn   | Place    | Note
-------+----------+-------------------------------------------
     0 | D:1      | MackTheKnife the Barachi Hunter began the quest for the
                  | Orb.
     0 | D:1      | Reached XP level 1. HP: 17/17 MP: 1/1
     0 | D:1      | magus.rc [v1.9.6]
   160 | D:1      | Reached XP level 2. HP: 23/23 MP: 2/2
   480 | D:1      | Reached skill level 5 in Ranged Weapons
   480 | D:1      | Reached XP level 3. HP: 28/28 MP: 3/3
   756 | D:2      | Noticed Natasha
   892 | D:2      | Reached XP level 4. HP: 32/34 MP: 4/4
  1134 | D:2      | Identified a +1 robe of the Archmagi
  1134 | D:2      | Noticed Sigmund
  1144 | D:2      | Killed Sigmund
  1145 | D:2      | Reached skill level 7 in Ranged Weapons
  1145 | D:2      | Reached XP level 5. HP: 21/39 MP: 5/5
  1145 | D:2      | Reached XP level 6. HP: 25/46 MP: 6/6
  1254 | D:2      | Killed Natasha
  1276 | D:2      | You pick up a book of Dreams and begin reading...
  1276 | D:2      | You add the spells Ensorcelled Hibernation, Spider Form and
                  | Anguish to your library.
  1341 | D:2      | Noticed Natasha
  1352 | D:2      | Killed Natasha
  1452 | D:2      | Noticed Natasha
  1461 | D:2      | Killed Natasha
  1675 | D:3      | Reached skill level 8 in Ranged Weapons
  1813 | D:3      | Noticed Xtruder99's ghost (amateur OpTm)
  1826 | D:3      | Found a runed translucent door.
  2458 | D:4      | Reached XP level 7. HP: 40/51 MP: 7/7
  3318 | D:5      | Entered Level 5 of the Dungeon
  3357 | D:5      | Reached skill level 9 in Ranged Weapons
  3552 | D:5      | Reached XP level 8. HP: 57/57 MP: 8/8
  3624 | D:5      | Found an ancient bone altar of Kikubaaqudgha.
  3728 | D:5      | Reached skill level 10 in Ranged Weapons
  4122 | D:6      | Found a staircase to the Ecumenical Temple.
  4133 | Temple   | Entered the Ecumenical Temple
  4141 | Temple   | Became a worshipper of Warmaster Okawaru
  4170 | D:6      | Reached skill level 11 in Ranged Weapons
  4262 | D:6      | Found Wung's Assorted Antiques.
  4317 | D:6      | You add the spells Borgnjor's Revivification, Necromutation
                  | and Death's Door to your library.
  4424 | D:6      | Reached * piety under Okawaru
  4425 | D:6      | Reached XP level 9. HP: 33/62 MP: 9/9
  4636 | D:6      | Reached skill level 12 in Ranged Weapons
  4645 | D:6      | Found Noriduq's Book Emporium.
  5276 | D:7      | Noticed Pikel
  5420 | D:7      | Reached skill level 3 in Fighting
  5578 | D:6      | Bought a shimmering triple crossbow for 390 gold pieces
  5578 | D:6      | Identified the +10 triple crossbow "Newtslayer" {penet, rF+
                  | rN+ Will+} (You bought it in a shop on level 6 of the
                  | Dungeon)
  5668 | D:7      | HP: 15/64 [poisoned by a water moccasin]
  5675 | D:7      | Reached skill level 4 in Fighting
  6112 | D:7      | Found a glowing golden altar of the Shining One.
  6258 | D:7      | Reached skill level 5 in Fighting
  6484 | D:7      | Killed Pikel
  6484 | D:7      | Reached ** piety under Okawaru
  6485 | D:7      | Reached skill level 7 in Fighting
  6670 | D:7      | Reached skill level 8 in Fighting
  6676 | D:7      | Reached *** piety under Okawaru
  6737 | D:7      | You pick up a book of the Sky and begin reading...
  6737 | D:7      | You add the spells Storm Form and Maxwell's Capacitive
                  | Coupling to your library.
  6882 | D:7      | Reached skill level 9 in Fighting
  6882 | D:7      | Reached XP level 10. HP: 83/83 MP: 10/10
  7056 | D:8      | Noticed a two-headed ogre
  7056 | D:8      | Found Liemom's Armour Boutique.
  7067 | D:8      | Killed a two-headed ogre
  7068 | D:8      | Reached skill level 3 in Dodging
  7146 | D:8      | Found a hazy altar of Hepliaklqana.
  7193 | D:8      | Found a sparkling altar of Nemelex Xobeh.
  7330 | D:8      | Noticed a cyclops
  7624 | D:8      | Reached skill level 4 in Dodging
  7681 | D:8      | Noticed Maggie
  7690 | D:8      | Killed Maggie
  7690 | D:8      | Reached **** piety under Okawaru
  7693 | D:8      | Found an opulent altar of Gozag.
  7709 | D:8      | Identified a scroll of acquirement
  7709 | D:8      | Acquired the +1 cloak of Starlight {*Dazzle EV+4 Stlth--}
  7709 | D:8      | Found the +1 cloak of Starlight {*Dazzle EV+4 Stlth--}
  7933 | D:8      | Killed a cyclops
  7934 | D:8      | Reached skill level 13 in Ranged Weapons
  7934 | D:8      | Reached skill level 5 in Dodging
  8268 | D:8      | You pick up a book of Maledictions and begin reading...
  8430 | D:9      | Reached skill level 6 in Dodging
  8468 | D:9      | Found a snail-covered altar of Cheibriados.
  8597 | D:9      | Reached ***** piety under Okawaru
  8624 | D:9      | Noticed a two-headed ogre
  8627 | D:9      | Killed a two-headed ogre
  8628 | D:9      | Reached skill level 14 in Ranged Weapons
  8628 | D:9      | Reached XP level 11. HP: 89/89 MP: 11/11
  8737 | D:9      | Reached skill level 1 in Invocations
  8845 | D:9      | Reached skill level 2 in Invocations
  9011 | D:10     | Entered Level 10 of the Dungeon
  9043 | D:10     | Found a staircase to the Orcish Mines.
  9102 | D:10     | Reached skill level 3 in Invocations
  9179 | D:10     | Found a hide-covered altar of Uskayaw.
  9319 | D:10     | Reached skill level 4 in Invocations
  9336 | D:10     | Found a flagged portal.
  9350 | Bailey   | Entered a bailey
  9447 | Bailey   | Noticed an orc knight
  9455 | Bailey   | Killed an orc knight
  9456 | Bailey   | Reached skill level 5 in Invocations
  9486 | Bailey   | Identified the +3 crystal plate armour "Paini" {rCorr}
  9487 | Bailey   | L - the +3 crystal plate armour "Paini" {rCorr, rare=g}
  9503 | Bailey   | Noticed an orc knight
  9507 | Bailey   | Killed an orc knight
  9707 | D:10     | You pick up a book of Spectacle and begin reading...
  9707 | D:10     | You add the spells Dazzling Flash, Iskenderun's Mystic
                  | Blast and Starburst to your library.
  9768 | D:10     | Identified the +7 scale mail "Jonaegar" {*Corrode rF+ Will+
                  | Regen+} (Okawaru gifted it to you on level 10 of the
                  | Dungeon)
  9768 | D:10     | Received a gift from Okawaru
 10047 | D:10     | Found a staircase to the Lair.
 10123 | D:10     | Found a shimmering altar of Xom.
 10275 | D:10     | Reached skill level 15 in Ranged Weapons
 10640 | D:11     | Noticed a red ugly thing
 10646 | D:11     | Killed a red ugly thing
 10771 | D:11     | You drop the +3 crystal plate armour "Paini" {rCorr,
                  | rare=g}.
 10781 | D:11     | L - the +3 crystal plate armour "Paini" {rCorr, rare=g}
 10862 | D:11     | Noticed a manticore
 10867 | D:11     | Killed a manticore
 11042 | D:11     | Noticed a cyclops
 11046 | D:11     | Killed a cyclops
 11047 | D:11     | Reached XP level 12. HP: 95/95 MP: 16/16
 11228 | D:11     | Noticed a four-headed hydra
 11234 | D:11     | Killed a four-headed hydra
 11235 | D:11     | Reached skill level 16 in Ranged Weapons
 11392 | D:11     | Noticed Harold
 11402 | D:11     | Killed Harold
 11657 | Lair:1   | Entered Level 1 of the Lair of Beasts
 12002 | Lair:1   | Identified the +9 longbow of Parts Unknown {drain, Int+4
                  | Dex+3} (Okawaru gifted it to you on level 1 of the Lair of
                  | Beasts)
 12002 | Lair:1   | Received a gift from Okawaru
 12009 | Lair:1   | Reached skill level 17 in Ranged Weapons
 12188 | Lair:1   | Noticed a death yak
 12197 | Lair:1   | Killed a death yak
 12217 | Lair:1   | Noticed a death yak
 12217 | Lair:1   | Noticed a death yak
 12220 | Lair:1   | Noticed a death yak
 12227 | Lair:1   | Killed a death yak
 12228 | Lair:1   | Killed a death yak
 12229 | Lair:1   | Killed a death yak
 12382 | Lair:1   | Noticed a catoblepas
 12391 | Lair:1   | Killed a catoblepas
 12392 | Lair:1   | Reached skill level 18 in Ranged Weapons
 12571 | Lair:2   | Received a gift from Okawaru
 12580 | Lair:2   | Gained mutation: You can hop long distances. [Barachi
                  | growth]
 12580 | Lair:2   | Reached XP level 13. HP: 101/101 MP: 14/17
 12829 | Lair:2   | Reached skill level 19 in Ranged Weapons
 12845 | Lair:2   | Reached ****** piety under Okawaru
 12904 | Lair:2   | Received a gift from Okawaru
 12947 | Lair:2   | Found a staircase to the Snake Pit.
 12975 | Lair:2   | Identified the +7 short sword "Gigixiw" {freeze, rCorr}
 13009 | Lair:2   | Reached skill level 20 in Ranged Weapons
 13353 | D:8      | Bought the +3 pair of gauntlets of War {Slay+5} for 617
                  | gold pieces
 13353 | D:8      | Found the +3 pair of gauntlets of War {Slay+5}
 14356 | Lair:3   | Found a staircase to the Swamp.
 14764 | Lair:4   | You fall into a shaft and drop 1 floor!
 14764 | Lair:5   | Entered Level 5 of the Lair of Beasts
 14773 | Lair:5   | Identified the +5 scale mail "Qiusuez" {Rampage rElec rCorr
                  | Dex-3} (Okawaru gifted it to you on level 5 of the Lair of
                  | Beasts)
 14773 | Lair:5   | Received a gift from Okawaru
 14774 | Lair:5   | Reached XP level 14. HP: 95/108 MP: 10/18
 14776 | Lair:5   | Reached skill level 21 in Ranged Weapons
 15258 | Lair:4   | Identified the +7 shortbow of the Shrinking Gods {flame,
                  | rElec}
 15435 | Lair:4   | Reached skill level 22 in Ranged Weapons
 15459 | Lair:5   | Identified the +1 pair of gloves "Soypaad" {rC+ rCorr
                  | Str-5} (Okawaru gifted it to you on level 5 of the Lair of
                  | Beasts)
 15459 | Lair:5   | Received a gift from Okawaru
 15503 | Lair:5   | Identified the ring of Bykosmi {rCorr Str+4 Int+5}
 15731 | Lair:5   | Found a viscous altar of Jiyva.
 15731 | Lair:5   | Found a staircase to the Slime Pits.
 16400 | Orc:1    | Entered Level 1 of the Orcish Mines
 16535 | Orc:2    | Entered Level 2 of the Orcish Mines
 16535 | Orc:2    | Found a staircase to the Elven Halls.
 16653 | Orc:2    | Paralysed by an orc sorcerer for 3 turns
 16673 | Orc:2    | Reached skill level 7 in Dodging
 16686 | Orc:2    | Reached skill level 10 in Fighting
 16698 | Orc:2    | Found Finwydd's Jewellery Emporium.
 16698 | Orc:2    | Found Semih's Antique Armour Emporium.
 16698 | Orc:2    | Found Sulan's General Store.
 16705 | Orc:2    | Found Epirch's Magic Scroll Shoppe.
 16711 | Orc:2    | Bought a scroll of blinking for 82 gold pieces
 16714 | Orc:2    | Bought a scroll of teleportation for 54 gold pieces
 16715 | Orc:2    | Bought a scroll of teleportation for 33 gold pieces
 16715 | Orc:2    | Bought a scroll of magic mapping for 82 gold pieces
 16715 | Orc:2    | Bought a scroll of magic mapping for 82 gold pieces
 16866 | Orc:2    | Found a runed translucent gate.
 16866 | Orc:2    | Found a runed translucent gate.
 16867 | Orc:2    | Found a runed translucent gate.
 16868 | Orc:2    | Noticed a stone giant
 16869 | Orc:2    | Noticed Wuassiha's ghost (journeyman DjCj)
 16969 | Orc:2    | Found Yhaxtag's Weapon Emporium.
 17064 | Orc:2    | Reached XP level 15. HP: 114/117 MP: 17/19
 17067 | Orc:2    | Reached skill level 8 in Dodging
 17345 | Orc:2    | Found an iron altar of Okawaru.
 17550 | Orc:1    | Found Zetuf's Book Emporium.
 17677 | Orc:1    | Identified the +9 sling "Qosipt" {elec, rN+ Int+4 Dex-3}
                  | (Okawaru gifted it to you on level 1 of the Orcish Mines)
 17677 | Orc:1    | Received a gift from Okawaru
 17849 | D:12     | Reached skill level 11 in Fighting
 18564 | D:13     | Reached skill level 9 in Dodging
 18793 | D:13     | Reached skill level 12 in Fighting
 19312 | D:14     | Noticed Jorgrun
 19321 | D:14     | Killed Jorgrun
 19322 | D:14     | Reached skill level 10 in Dodging
 19562 | D:14     | You pick up a book of Dangerous Friends and begin
                  | reading...
 19699 | D:14     | Found a gate to the Vaults.
 19924 | D:14     | Noticed Lodul
 19934 | D:14     | Reached skill level 13 in Fighting
 19934 | D:14     | Killed Lodul
 20179 | D:15     | Entered Level 15 of the Dungeon
 20279 | D:15     | Identified the +5 chain mail of Xariugruo {rElec rCorr
                  | Dex+2} (Okawaru gifted it to you on level 15 of the
                  | Dungeon)
 20279 | D:15     | Received a gift from Okawaru
 20289 | D:15     | Reached skill level 11 in Dodging
 20300 | D:15     | Identified the +3 dagger "Rammall" {vorpal, rN+}
 20872 | D:15     | Reached skill level 14 in Fighting
 20897 | D:15     | Found a staircase to the Depths.
 20937 | D:15     | Reached XP level 16. HP: 104/133 MP: 17/20
 21110 | D:15     | Identified the +3 leather armour of the Little Devil
                  | {Will+}
 21476 | D:8      | Bought +0 gold dragon scales for 1040 gold pieces
 21476 | D:8      | N - +0 gold dragon scales {rare}
 21476 | D:8      | your +0 gold dragon scales {rare} glow green for a moment.
 21477 | D:8      | your +1 gold dragon scales {rare} glow green for a moment.
 21600 | Swamp:1  | Entered Level 1 of the Swamp
 21610 | Swamp:1  | Reached skill level 1 in Armour
 21612 | Swamp:1  | Reached skill level 2 in Armour
 21627 | Swamp:1  | Reached skill level 3 in Armour
 21724 | Swamp:1  | Reached skill level 4 in Armour
 21771 | Swamp:1  | Reached skill level 5 in Armour
 21869 | Swamp:1  | Reached skill level 6 in Armour
 21878 | Swamp:1  | magus.rc [v1.9.6]
 21930 | Swamp:1  | your +2 gold dragon scales {rare} glow green for a moment.
 22013 | Swamp:1  | Identified the +5 kite shield "Ofussaluim" {rElec rC+
                  | Dex-3} (Okawaru gifted it to you on level 1 of the Swamp)
 22013 | Swamp:1  | Received a gift from Okawaru
 22303 | Swamp:1  | Reached skill level 7 in Armour
 22504 | Swamp:2  | Noticed a fenstrider witch
 22507 | Swamp:2  | Paralysed by a fenstrider witch for 2 turns
 22513 | Swamp:2  | Killed a fenstrider witch
 22615 | Swamp:2  | Reached skill level 8 in Armour
 22792 | Swamp:2  | Found a runed translucent door.
 22792 | Swamp:2  | Noticed initializr's ghost (adept AtAE)
 22848 | Swamp:2  | Reached skill level 9 in Armour
 23124 | Swamp:3  | Noticed a fenstrider witch
 23129 | Swamp:3  | Killed a fenstrider witch
 23150 | Swamp:3  | Reached skill level 10 in Armour
 23345 | Swamp:3  | You pick up a book of Misfortune and begin reading...
 23533 | Swamp:3  | Reached skill level 11 in Armour
 23690 | Swamp:4  | Entered Level 4 of the Swamp
 23722 | Swamp:4  | Noticed a thorn hunter
 23728 | Swamp:4  | Killed a thorn hunter
 23904 | Swamp:4  | Received a gift from Okawaru
 23967 | Swamp:4  | Reached skill level 12 in Armour
 24000 | Swamp:4  | Reached skill level 13 in Armour
 24018 | Swamp:4  | Reached XP level 17. HP: 139/139 MP: 12/21
 24178 | Swamp:4  | Reached skill level 14 in Armour
 24480 | Swamp:4  | Got a decaying rune of Zot
 24555 | Swamp:4  | You finish putting on your +3 gold dragon scales {rare}.
 24560 | Swamp:4  | You finish taking off your +3 gold dragon scales {rare}.
 24575 | Swamp:4  | You finish putting on your +3 gold dragon scales {rare}.
 24584 | Swamp:4  | You finish taking off your +3 gold dragon scales {rare}.
 24710 | Snake:1  | Entered Level 1 of the Snake Pit
 24720 | Snake:1  | Reached skill level 15 in Armour
 24771 | Snake:1  | Noticed Aizul
 24785 | Snake:1  | Killed Aizul
 24794 | Snake:1  | Noticed Rupert
 24800 | Snake:1  | Killed Rupert
 24856 | Snake:1  | You pick up a book of Changes and begin reading...
 24856 | Snake:1  | You add the spells Beastly Appendage and Wereblood to your
                  | library.
 25121 | Snake:1  | Noticed Donald
 25126 | Snake:1  | Reached skill level 16 in Armour
 25131 | Snake:1  | Killed Donald
 25314 | Snake:1  | Noticed Azrael
 25331 | Snake:1  | Killed Azrael
 25981 | Snake:1  | Found Fisievoil's Magic Scroll Boutique.
 26095 | Snake:2  | Reached skill level 17 in Armour
 26177 | Snake:2  | You pick up a book of Ice and begin reading...
 26177 | Snake:2  | You add the spells Freezing Cloud and Polar Vortex to your
                  | library.
 26183 | Snake:2  | Identified the +3 shortbow of Evisceration {speed, rPois}
                  | (Okawaru gifted it to you on level 2 of the Snake Pit)
 26183 | Snake:2  | Received a gift from Okawaru
 26611 | Snake:2  | Reached skill level 18 in Armour
 26689 | Snake:3  | Found Araucaoh's Book Boutique.
 26741 | Snake:3  | Found a frozen archway.
 26748 | IceCv    | Entered an ice cave
 26808 | IceCv    | Identified a +0 crystal plate armour of cold resistance
 26809 | IceCv    | I - a +0 crystal plate armour of cold resistance {rare=g}
 26865 | IceCv    | Reached XP level 18. HP: 134/146 MP: 19/22
 27003 | IceCv    | Reached skill level 19 in Armour
 27146 | IceCv    | Identified the +1 plate armour of the Mind {Str+3} (Okawaru
                  | gifted it to you in an ice cave)
 27146 | IceCv    | Received a gift from Okawaru
 27497 | IceCv    | You pick up a book of Party Tricks and begin reading...
 27497 | IceCv    | You add the spells Apportation and Alistair's Intoxication
                  | to your library.
 27610 | Snake:3  | Reached skill level 20 in Armour
 28341 | Snake:3  | Reached skill level 21 in Armour
 28732 | Snake:3  | Identified the +6 shortbow of Duty {vorpal, rF+} (Okawaru
                  | gifted it to you on level 3 of the Snake Pit)
 28732 | Snake:3  | Received a gift from Okawaru
 29019 | Snake:4  | Entered Level 4 of the Snake Pit
 29237 | Snake:4  | Reached skill level 22 in Armour
 29673 | Snake:4  | Noticed a quicksilver dragon
 29674 | Snake:4  | Noticed a quicksilver dragon
 29686 | Snake:4  | Killed a quicksilver dragon
 29686 | Snake:4  | Identified the +7 shortbow of Responsibility {drain, rF+
                  | rC- rCorr Int+7} (Okawaru gifted it to you on level 4 of
                  | the Snake Pit)
 29686 | Snake:4  | Received a gift from Okawaru
 29687 | Snake:4  | Reached XP level 19. HP: 133/154 MP: 15/23
 29697 | Snake:4  | Reached skill level 15 in Fighting
 29913 | Snake:4  | Got a serpentine rune of Zot
 29992 | Snake:4  | Reached skill level 16 in Fighting
 30016 | Snake:4  | Noticed Nikola
 30030 | Snake:4  | Killed Nikola
 30573 | Orc:2    | Bought a +6 ring of strength for 612 gold pieces
 30587 | Orc:2    | You finish putting on your +3 gold dragon scales {rare}.
 30721 | Vaults:1 | Entered Level 1 of the Vaults
 30726 | Vaults:1 | Found Wosettof's Jewellery Boutique.
 31012 | Vaults:1 | Received a gift from Okawaru
 31013 | Vaults:1 | Reached skill level 17 in Fighting
 31139 | Vaults:1 | Paralysed by a great orb of eyes for 2 turns
 31437 | Vaults:1 | You finish taking off your +3 gold dragon scales {rare}.
 31752 | Vaults:1 | Noticed Asterion
 31763 | Vaults:1 | Killed Asterion
 31764 | Vaults:1 | Reached skill level 18 in Fighting
 32290 | Vaults:2 | Found Maed's Weapon Emporium.
 32558 | Vaults:2 | Received a gift from Okawaru
 32601 | Vaults:2 | Reached skill level 19 in Fighting
 33073 | Vaults:2 | Reached XP level 20. HP: 176/176 MP: 24/24
 33078 | Vaults:2 | Identified the +1 scale mail "Linonino" {rN+} (Okawaru
                  | gifted it to you on level 2 of the Vaults)
 33078 | Vaults:2 | Received a gift from Okawaru
 33079 | Vaults:2 | Reached skill level 20 in Fighting
 33401 | Vaults:2 | You fall into a shaft and drop 1 floor!
 33541 | Vaults:3 | Reached skill level 21 in Fighting
 34166 | Vaults:3 | Reached skill level 22 in Fighting
 34221 | Vaults:3 | Identified the +9 plate armour of Beauty {Int+3 Dex+3
                  | Stlth+} (Okawaru gifted it to you on level 3 of the Vaults)
 34221 | Vaults:3 | Received a gift from Okawaru
 34755 | Vaults:3 | Found a staircase to the Crypt.
 34755 | Vaults:3 | Found a basalt altar of Yredelemnul.
 34756 | Vaults:3 | Found an ancient bone altar of Kikubaaqudgha.
 34906 | Vaults:3 | Identified the +5 ring mail "Yrchaxoku" {Rampage}
 35447 | Vaults:4 | Reached skill level 23 in Fighting
 35529 | Vaults:4 | Reached skill level 6 in Invocations
 35621 | Vaults:4 | Upgraded the game from 0.30-a0-404-g0b3c3f4973 to
                  | 0.30-a0-422-g946f4849ff
 35621 | Vaults:4 | magus.rc [v1.9.6]
 35690 | Vaults:4 | Reached skill level 7 in Invocations
 35783 | Vaults:4 | Received a gift from Okawaru
 35892 | Vaults:4 | Reached XP level 21. HP: 192/192 MP: 26/26
 35968 | Vaults:4 | Reached skill level 8 in Invocations
 36076 | Vaults:4 | magus.rc [v1.9.6]
 36076 | Vaults:4 | magus.rc [v1.9.6]
 36077 | Vaults:4 | magus.rc [v1.9.6]
 36322 | Vaults:4 | Reached skill level 9 in Invocations
 36828 | Depths:1 | Entered Level 1 of the Depths
 36956 | Depths:1 | Found a one-way gate leading to the halls of Pandemonium.
 36972 | Depths:1 | Found Budeytoi's General Store.
 37048 | Depths:1 | Reached skill level 10 in Invocations
 37059 | Depths:1 | Reached skill level 12 in Dodging
 37075 | Depths:1 | magus.rc [v1.9.6]
 37104 | Depths:1 | Paralysed by a floating eye for 3 turns
 37114 | Depths:1 | Found a one-way gateway to a ziggurat.
 37266 | Depths:1 | Reached skill level 13 in Dodging
 37328 | Depths:1 | Found a one-way gate to the infinite horrors of the Abyss.
 37433 | Depths:1 | Found a gateway to Hell.
 37450 | Depths:1 | Found a runed translucent gate.
 37450 | Depths:1 | Noticed Yteiw's ghost (adept HOMo)
 37451 | Depths:1 | Found a runed translucent gate.
 37452 | Depths:1 | Found a runed translucent gate.
 37600 | Depths:1 | Found a shadowy altar of Dithmenos.
 37607 | Depths:1 | Identified the +1 steam dragon scales of the Dull God
                  | {rElec rC+ Str-4} (Okawaru gifted it to you on level 1 of
                  | the Depths)
 37607 | Depths:1 | Received a gift from Okawaru
 38059 | Depths:2 | Reached skill level 14 in Dodging
 38190 | Depths:2 | Reached skill level 15 in Dodging
 38263 | Depths:2 | Found a glowing golden altar of the Shining One.
 38456 | Depths:2 | magus.rc [v1.9.6]
 38482 | Depths:2 | Reached skill level 16 in Dodging
 38569 | Depths:2 | Reached XP level 22. HP: 200/200 MP: 29/29
 38645 | Depths:2 | Identified the +4 pair of gloves of Miacy {rPois rN+ rCorr}
                  | (Okawaru gifted it to you on level 2 of the Depths)
 38645 | Depths:2 | Received a gift from Okawaru
 38727 | Depths:2 | Noticed a golden dragon
 38729 | Depths:2 | Noticed a juggernaut
 38737 | Depths:2 | Reached skill level 17 in Dodging
 38748 | Depths:2 | Killed a juggernaut
 38755 | Depths:2 | Killed a golden dragon
 38898 | Depths:2 | You pick up a book of Misfortune and begin reading...
 38904 | Depths:2 | You pick up a book of Unlife and begin reading...
 38905 | Depths:2 | Identified the +1 ice dragon scales "Dyby" {Harm rF- rC++
                  | Int+2 Stlth+}
 39043 | Depths:3 | the Enchantress comes into view. She is wielding a +3 flail
                  | of holy wrath, wearing the +7 faerie dragon scales {Drain
                  | rElec rF+ rCorr} and wearing a +1 buckler of fire
                  | resistance.
 39043 | Depths:3 | Noticed the Enchantress
 39127 | Depths:2 | Here: the Enchantress, wielding a +3 flail of holy wrath,
                  | wearing the +7 faerie dragon scales {Drain rElec rF+ rCorr}
                  | and wearing a +1 buckler of fire resistance (moderately
                  | wounded, fast, repelling missiles, lightly drained)
 39127 | Depths:2 | Here: the Enchantress, wielding a +3 flail of holy wrath,
                  | wearing the +7 faerie dragon scales {Drain rElec rF+ rCorr}
                  | and wearing a +1 buckler of fire resistance (moderately
                  | wounded, fast, repelling missiles, lightly drained)
 39173 | Depths:2 | Killed the Enchantress
 39175 | Depths:2 | You drop a +0 crystal plate armour of cold resistance
                  | {rare=g}.
 39176 | Depths:2 | You drop the +3 crystal plate armour "Paini" {rCorr,
                  | rare=g}.
 39177 | Depths:2 | You drop +3 gold dragon scales {rare}.
 39429 | D:8      | Bought a +2 pair of boots of flying for 279 gold pieces
 39764 | Depths:3 | a +1 quick blade of electrocution {shortrare=g}; a +0 robe;
                  | a +0 buckler of protection
 39772 | Depths:3 | Reached skill level 18 in Dodging
 39778 | Depths:3 | magus.rc [v1.9.6]
 39836 | Depths:3 | N - a +1 quick blade of electrocution {shortrare=g}
 39838 | Depths:3 | W - a +1 vampiric quick blade {shortrare=g}
 40006 | Depths:3 | Noticed Louise
 40007 | Depths:3 | magus.rc [v1.9.6]
 40011 | Depths:3 | Killed Louise
 40061 | Depths:3 | quicksilver dragon scales {rare}; a quicksilver dragon
                  | corpse
 40061 | Depths:3 | quicksilver dragon scales {rare}; a quicksilver dragon
                  | corpse
 40061 | Depths:3 | Could not pick up quicksilver dragon scales {rare} here;
                  | ([A]lways) ignore it?
 40085 | Depths:3 | quicksilver dragon scales {rare}; a quicksilver dragon
                  | corpse
 40279 | Depths:3 | Reached skill level 19 in Dodging
 40771 | Depths:2 | Identified the +1 morningstar of Foolhardiness {flame,
                  | Int+4}
 40916 | Depths:3 | Reached skill level 20 in Dodging
 41249 | Depths:4 | Entered Level 4 of the Depths
 41479 | Depths:4 | Received a gift from Okawaru
 41489 | Depths:4 | Noticed Saint Roka
 41495 | Depths:4 | Reached XP level 23. HP: 206/206 MP: 23/30
 41813 | Depths:4 | Noticed Grunn
 41822 | Depths:4 | Killed Grunn
 42021 | Depths:3 | magus.rc [v1.9.6]
 42076 | Depths:3 | HP: 45/199 [bone dragon[a doom hound] (6)]
 42079 | Depths:3 | Reached skill level 21 in Dodging
 42649 | Depths:3 | magus.rc [v1.9.6]
 42952 | Vaults:5 | Entered Level 5 of the Vaults
 43042 | Vaults:5 | Reached skill level 22 in Dodging
 43045 | Vaults:5 | Noticed a dread lich
 43062 | Vaults:5 | Killed a dread lich
 43062 | Vaults:5 | Identified the +7 chain mail of Bedevilment {*Corrode MP+9
                  | Int+5 Stlth+} (Okawaru gifted it to you on level 5 of the
                  | Vaults)
 43062 | Vaults:5 | Received a gift from Okawaru
 43106 | Vaults:5 | Noticed Mara
 43111 | Vaults:5 | Killed Mara
 43130 | Vaults:5 | Reached skill level 23 in Dodging
 43289 | Vaults:5 | Paralysed by a sphinx for 5 turns
 43479 | Vaults:5 | Reached skill level 11 in Invocations
 43512 | Vaults:5 | Noticed an ancient lich
 43522 | Vaults:5 | Killed an ancient lich
 43522 | Vaults:5 | Identified the +0 buckler of Darkness {rF+++ Str-5 Dex+4
                  | SInv} (Okawaru gifted it to you on level 5 of the Vaults)
 43522 | Vaults:5 | Received a gift from Okawaru
 43551 | Vaults:5 | Identified the +3 arbalest of the Wilderness {freeze, rElec
                  | rN+ Will- Str+4 Int+3}
 43624 | Vaults:5 | Reached skill level 12 in Invocations
 43633 | Vaults:5 | You pick up a book of Lightning and begin reading...
 43633 | Vaults:5 | You add the spells Static Discharge, Vhi's Electric Charge,
                  | Lightning Bolt and Arcjolt to your library.
 43638 | Vaults:5 | Identified the amulet "Ceicwo" {Acrobat Str+5 Dex+3}
 43665 | Vaults:5 | Got Seguf's Cyclopedia of Elsewhere and the Crypt
 43712 | Vaults:5 | Noticed Jory
 43731 | Vaults:5 | Killed Jory
 43732 | Vaults:5 | Reached XP level 24. HP: 153/214 MP: 27/32
 44015 | Vaults:5 | Reached skill level 13 in Invocations
 44113 | Vaults:5 | Reached skill level 14 in Invocations
 44127 | Vaults:5 | Identified the +10 halberd of Impatience {flame, rC+ Int+4
                  | Dex+4}
 44242 | Vaults:5 | Got a silver rune of Zot
 44272 | Vaults:5 | Noticed a dread lich
 44289 | Vaults:5 | Killed a dread lich
 44382 | Vaults:5 | Found the +8 whip "Snakebite" {venom, curare, rPois}
 44398 | Vaults:5 | You pick up a book of Cantrips and begin reading...
 44896 | Depths:3 | magus.rc [v1.9.6]
 44909 | Depths:3 | magus.rc [v1.9.6]
 44909 | Depths:3 | magus.rc [v1.9.6]
 45157 | Elf:1    | Entered Level 1 of the Elven Halls
 45192 | Elf:1    | Reached skill level 15 in Invocations
 45197 | Elf:1    | Identified the +8 shortbow "Maas Kil" {speed, Drain rElec
                  | Int+6 Stlth+} (Okawaru gifted it to you on level 1 of the
                  | Elven Halls)
 45197 | Elf:1    | Received a gift from Okawaru
 45239 | Orc:2    | You drop a +1 quick blade of electrocution {shortrare=g}.
 45240 | Orc:2    | You drop a +1 vampiric quick blade {shortrare=g}.
 45936 | Elf:1    | Noticed Zenata
 45947 | Elf:1    | Killed Zenata
 45949 | Elf:1    | D - a +5 eveningstar of protection {macerare=g}
 46027 | Elf:1    | Paralysed by an air elemental for 1 turns
 46034 | Elf:1    | Identified the +0 pair of boots "Vuatti" {rPois rC+}
                  | (Okawaru gifted it to you on level 1 of the Elven Halls)
 46034 | Elf:1    | Received a gift from Okawaru
 46412 | Elf:2    | Reached skill level 24 in Fighting
 46545 | Elf:2    | Identified the +0 short sword of Megalomania {vorpal,
                  | *Noise rC+ rN+ Will+}
 46614 | Elf:2    | Found a runed translucent gate.
 46614 | Elf:2    | Found a runed translucent gate.
 46614 | Elf:2    | Found a runed translucent gate.
 47021 | Elf:3    | Entered Level 3 of the Elven Halls
 47213 | Elf:3    | Reached XP level 25. HP: 225/225 MP: 27/34
 47291 | Elf:3    | Got the Discourse on the Congregation and Contamination
 47295 | Elf:3    | magus.rc [v1.9.6]
 47296 | Elf:3    | Identified the +11 halberd of Ycveifet {freeze, rPois
                  | Dex+3}
 47301 | Elf:3    | Got Tobeeg's Grimoire of the Retinue and Orientation
 47307 | Elf:3    | Identified the +1 long sword of Jonwil {freeze, rCorr
                  | Dex+2}
 47308 | Elf:3    | Identified the +6 spear of the End {venom, *Noise rElec
                  | rN+++ rCorr}
 47313 | Elf:3    | Reached skill level 25 in Fighting
 47329 | Elf:3    | magus.rc [v1.9.6]
 47341 | Elf:3    | Identified the ring "Yruis" {rC++ Will+ MP+9 Int-4 SInv}
 47344 | Elf:3    | Identified the +0 cloak "Noeprio" {Str+2 Int+2 Dex-5}
 47381 | Elf:3    | Identified the +0 hat of Past Mistakes {rC- Str+3 Int+2
                  | Dex+4} (Okawaru gifted it to you on level 3 of the Elven
                  | Halls)
 47381 | Elf:3    | Received a gift from Okawaru
 47387 | Elf:3    | Identified the +0 pair of gloves of Wounaem {Int+4 Stlth+}
 47471 | Elf:2    | You drop a +5 eveningstar of protection {macerare=g}.
 47529 | Orc:2    | d - a +1 vampiric quick blade {shortrare=g}
 47529 | Orc:2    | N - a +1 quick blade of electrocution {shortrare=g}
 47784 | Depths:4 | Reached skill level 1 in Evocations
 47788 | Depths:4 | Killed Saint Roka
 47789 | Depths:4 | Reached skill level 2 in Evocations
 47801 | Depths:4 | Reached skill level 3 in Evocations
 47907 | Depths:4 | Reached skill level 4 in Evocations
 48128 | Depths:4 | Reached skill level 5 in Evocations
 48181 | Depths:4 | Reached skill level 6 in Evocations
 48194 | Depths:4 | You pick up a book of Unlife and begin reading...
 48458 | Depths:4 | Found a gate to the Realm of Zot.
 48636 | Zot:1    | Entered Level 1 of the Realm of Zot
 48640 | Depths:4 | You drop a +1 vampiric quick blade {shortrare=g}.
 48641 | Depths:4 | You drop a +1 quick blade of electrocution {shortrare=g}.
 48696 | Zot:1    | Reached skill level 7 in Evocations
 48789 | Zot:1    | Reached skill level 8 in Evocations
 48815 | Zot:1    | Noticed an orb of fire
 48819 | Zot:1    | Killed an orb of fire
 48820 | Zot:1    | Reached skill level 9 in Evocations
 48821 | Zot:1    | Noticed an orb of fire
 48828 | Zot:1    | Killed an orb of fire
 48847 | Zot:1    | Reached skill level 10 in Evocations
 49043 | Zot:1    | Found a transporter.
 49302 | Zot:1    | Found a transporter.
 49313 | Zot:1    | Noticed an orb of fire
 49313 | Zot:1    | Noticed an orb of fire
 49313 | Zot:1    | Noticed an orb of fire
 49327 | Zot:1    | Killed an orb of fire
 49328 | Zot:1    | Reached skill level 11 in Evocations
 49336 | Zot:1    | Killed an orb of fire
 49337 | Zot:1    | Gained mutation: You occasionally shout uncontrollably at
                  | your foes. [an orb of fire]
 49339 | Zot:1    | Killed an orb of fire
 49390 | Zot:1    | Identified the +10 plate armour of Plasticity {Harm rF+}
                  | (Okawaru gifted it to you on level 1 of the Realm of Zot)
 49390 | Zot:1    | Received a gift from Okawaru
 49508 | Zot:1    | +0 storm dragon scales {rare}; a storm dragon corpse
 49516 | Zot:1    | Reached skill level 26 in Fighting
 49565 | Zot:1    | Identified the amulet of Pyawka {Acrobat +Inv rC+ Str-4}
 49570 | Zot:1    | Identified the amulet of the Wild Haggis {Acrobat rElec rN+
                  | Int+4}
 49871 | Zot:4    | Noticed an electric golem
 49878 | Zot:4    | Noticed an electric golem
 49879 | Zot:4    | Noticed an electric golem
 49880 | Zot:4    | Noticed an electric golem
 49883 | Zot:4    | Noticed an electric golem
 49883 | Zot:4    | Killed an electric golem
 49884 | Zot:4    | Killed an electric golem
 49887 | Zot:4    | Killed an electric golem
 49888 | Zot:4    | Reached XP level 26. HP: 239/239 MP: 34/34
 49888 | Zot:4    | Noticed an electric golem
 49894 | Zot:4    | Killed an electric golem
 49911 | Zot:4    | Killed an electric golem
 49928 | Zot:4    | Killed an electric golem
 49954 | Zot:4    | Noticed an orb of fire
 49957 | Zot:4    | Killed an orb of fire
 49958 | Zot:4    | Reached skill level 27 in Fighting
 49987 | Zot:5    | Entered Level 5 of the Realm of Zot
 50015 | Zot:5    | Reached skill level 12 in Evocations
 50021 | Zot:5    | Noticed a Killer Klown
 50041 | Zot:5    | Killed a Killer Klown
 50069 | Zot:5    | Noticed a curse toe
 50072 | Zot:5    | Killed a curse toe
 50091 | Zot:5    | Received a gift from Okawaru
 50101 | Zot:5    | Reached skill level 13 in Evocations
 50219 | Zot:5    | Reached skill level 14 in Evocations
 50229 | Zot:5    | Noticed an orb of fire
 50232 | Zot:5    | Noticed an orb of fire
 50236 | Zot:5    | Gained mutation: You do not regenerate when monsters are
                  | visible. [an orb of fire]
 50237 | Zot:5    | Killed an orb of fire
 50237 | Zot:5    | Killed an orb of fire
 50237 | Zot:5    | Identified the +1 pair of gloves of the Teacher {rF+ Int+4
                  | Dex-3} (Okawaru gifted it to you on level 5 of the Realm of
                  | Zot)
 50237 | Zot:5    | Received a gift from Okawaru
 50238 | Zot:5    | Noticed an ancient lich
 50240 | Zot:5    | Noticed an orb of fire
 50242 | Zot:5    | Reached skill level 15 in Evocations
 50243 | Zot:5    | Killed an ancient lich
 50243 | Zot:5    | Noticed an orb of fire
 50247 | Zot:5    | Noticed an orb of fire
 50249 | Zot:5    | Killed an orb of fire
 50249 | Zot:5    | Noticed a Killer Klown
 50250 | Zot:5    | Noticed a Killer Klown
 50254 | Zot:5    | Killed a Killer Klown
 50255 | Zot:5    | Killed an orb of fire
 50274 | Zot:5    | Killed an orb of fire
 50275 | Zot:5    | Reached skill level 16 in Evocations
 50283 | Zot:5    | Killed a Killer Klown
 50288 | Zot:5    | Noticed an orb of fire
 50291 | Zot:5    | Noticed a dread lich
 50293 | Zot:5    | Killed an orb of fire
 50299 | Zot:5    | Killed a dread lich
 50300 | Zot:5    | Reached skill level 17 in Evocations
 50300 | Zot:5    | Gained mutation: You frequently scream uncontrollably at
                  | your foes. [mutagenic glow]
 50305 | Zot:5    | Noticed an ancient lich
 50310 | Zot:5    | Killed an ancient lich
 50524 | Zot:5    | Lost mutation: You frequently scream uncontrollably at your
                  | foes. [potion of mutation]
 50524 | Zot:5    | Lost mutation: You occasionally shout uncontrollably at
                  | your foes. [potion of mutation]
 50524 | Zot:5    | Gained mutation: Your body sometimes deteriorates upon
                  | taking damage. [potion of mutation]
 50524 | Zot:5    | Lost mutation: You do not regenerate when monsters are
                  | visible. [potion of mutation]
 50524 | Zot:5    | Gained mutation: You sometimes lose your temper in combat.
                  | [potion of mutation]
 50525 | Zot:5    | Lost mutation: Your body sometimes deteriorates upon taking
                  | damage. [potion of mutation]
 50525 | Zot:5    | Lost mutation: You sometimes lose your temper in combat.
                  | [potion of mutation]
 50525 | Zot:5    | Gained mutation: Your natural rate of healing is unusually
                  | fast. [potion of mutation]
 50525 | Zot:5    | Gained mutation: You occasionally lose the ability to drink
                  | potions when taking damage. [potion of mutation]
 50525 | Zot:5    | Gained mutation: You are frail. (-10% HP) [potion of
                  | mutation]
 50525 | Zot:5    | Gained mutation: Your muscles are strong. (Str +4, Int/Dex
                  | -1) [potion of mutation]
 50526 | Zot:5    | Lost mutation: You are frail. (-10% HP) [potion of
                  | mutation]
 50526 | Zot:5    | Lost mutation: Your natural rate of healing is unusually
                  | fast. [potion of mutation]
 50526 | Zot:5    | Gained mutation: Your mind is acute. (Int +4, Str/Dex -1)
                  | [potion of mutation]
 50526 | Zot:5    | Gained mutation: You expend magic power (3 MP) to
                  | strengthen your wands. [potion of mutation]
 50526 | Zot:5    | Gained mutation: Your mind is very acute. (Int +8, Str/Dex
                  | -2) [potion of mutation]
 50527 | Zot:5    | Lost mutation: You expend magic power (3 MP) to strengthen
                  | your wands. [potion of mutation]
 50527 | Zot:5    | Lost mutation: Your muscles are strong. (Str +4, Int/Dex
                  | -1) [potion of mutation]
 50527 | Zot:5    | Gained mutation: Your body sometimes deteriorates upon
                  | taking damage. [potion of mutation]
 50527 | Zot:5    | Gained mutation: Your muscles are strong. (Str +4, Int/Dex
                  | -1) [potion of mutation]
 50528 | Zot:5    | Lost mutation: Your muscles are strong. (Str +4, Int/Dex
                  | -1) [potion of mutation]
 50528 | Zot:5    | Lost mutation: You occasionally lose the ability to drink
                  | potions when taking damage. [potion of mutation]
 50528 | Zot:5    | Gained mutation: You expend magic power (3 MP) to
                  | strengthen your wands. [potion of mutation]
 50528 | Zot:5    | Lost mutation: Your mind is very acute. (Int +8, Str/Dex
                  | -2) [potion of mutation]
 50528 | Zot:5    | Gained mutation: You are strong-willed. (Will+) [potion of
                  | mutation]
 50528 | Zot:5    | Gained mutation: You are partially covered in iridescent
                  | scales. (AC +2) [potion of mutation]
 50584 | Zot:5    | Noticed an electric golem
 50595 | Zot:5    | Killed an electric golem
 50617 | Zot:5    | Received a gift from Okawaru
 50618 | Zot:5    | Reached XP level 27. HP: 226/249 MP: 34/34
 50633 | Zot:5    | Reached skill level 18 in Evocations
 50643 | Zot:5    | Noticed an ancient lich
 50645 | Zot:5    | Killed an ancient lich
 50798 | Zot:5    | Reached skill level 19 in Evocations
 50810 | Zot:5    | Got the Orb of Zot
 51000 | Depths:4 | a ring of protection from cold; a +1 quick blade of
                  | electrocution {shortrare=g}; a +1 vampiric quick blade
                  | {shortrare=g}
 51094 | Depths:2 | Identified the +0 helmet of the Stag {Int+3 Dex+4 SInv}
                  | (Okawaru gifted it to you on level 2 of the Depths)
 51094 | Depths:2 | Received a gift from Okawaru
 51120 | Depths:2 | Noticed Duafeonuff the pandemonium lord
 51431 | D:5      | Noticed Poiheis the pandemonium lord
 51431 | D:5      | Noticed an ancient lich
 51502 | D:$      | Escaped with the Orb!

Vanquished Creatures
  3 dread liches
  4 ancient liches
  12 orbs of fire
  Mara (Vaults:5)
  A juggernaut (Depths:2)
  3 Killer Klowns (Zot:5)
  Saint Roka (Depths:4)
  A curse toe (Zot:5)
  Nikola (Snake:4)
  5 golden dragons
  Jory (Vaults:5)
  the Enchantress (Depths:2)
  2 bone dragons (Depths:3)
  4 Tzitzimimeh
  7 electric golems
  2 doom hounds
  Rupert (Snake:1)
  A Brimstone Fiend (Zot:5)
  12 tentacled monstrosities
  Jorgrun (D:14)
  Zenata (Elf:1)
  Grunn (Depths:4)
  9 titans
  5 quicksilver dragons
  Asterion (Vaults:1)
  2 deep elf master archers (Elf:3)
  6 liches
  A titan (shapeshifter) (Vaults:5)
  2 deep elf blademasters (Elf:3)
  31 Orb Guardians
  9 death cobs
  6 sphinxes
  6 shadow dragons
  A thorn hunter (Swamp:4)
  5 draconian monks
  3 tengu reavers (Vaults:5)
  Donald (Snake:1)
  2 Executioners
  5 storm dragons
  5 nagarajas
  2 iron dragons (Vaults:5)
  13 fire giants
  2 fenstrider witches
  7 deep elf sorcerers
  5 draconian knights
  Louise (Depths:3)
  2 draconian scorchers
  17 vault wardens
  13 frost giants
  A balrug (Depths:4)
  A ghost moth (Zot:5)
  Aizul (Snake:1)
  6 deep elf elementalists
  4 cacodemons
  2 orc warlords
  3 reapers (Depths:4)
  5 war gargoyles
  6 draconian stormcallers
  5 draconian shifters
  15 ironbound preservers
  8 ironbound thunderhulks
  4 draconian annihilators
  4 spriggan defenders
  3 vampire knights
  26 stone giants
  22 very ugly things
  A putrid mouth (Depths:4)
  4 green draconians
  8 white draconians
  5 purple draconians
  4 deep elf annihilators
  5 deep elf demonologists
  3 eleionomae
  18 dire elephants
  13 red draconians
  2 bunyips
  Azrael (Snake:1)
  6 spark wasps
  8 yellow draconians
  4 black draconians
  2 blizzard demons (Depths:4)
  7 deep elf death magi
  A merfolk javelineer (Depths:3)
  A green death (Depths:1)
  A crystal guardian (Vaults:2)
  An entropy weaver (shapeshifter) (Vaults:5)
  12 ettins
  4 deep elf high priests
  4 entropy weavers
  8 fire dragons
  4 shambling mangroves
  9 ice dragons
  8 great orbs of eyes
  33 vault guards
  10 rakshasas
  4 salamander tyrants
  21 hydras
  Harold (D:11)
  3 spriggan air magi
  14 yaktaur captains
  An ogre mage (Vaults:5)
  3 ghost crabs
  10 anacondas
  2 peacekeepers (Vaults:2)
  18 centaur warriors
  5 tengu warriors
  10 ironbound frosthearts
  10 deep troll shamans
  11 dancing weapons
  3 catoblepae
  8 naga warriors
  9 alligators
  17 deep troll earth magi
  2 two-headed ogres
  14 death yaks
  5 shock serpents
  18 hell knights
  2 orc high priests (Orc:2)
  26 naga sharpshooters
  5 spriggan berserkers
  A soul eater (Zot:5)
  19 deep elf knights
  2 sixfirhies
  4 sun demons
  8 iron trolls
  2 salamander mystics
  2 flayed ghosts
  50 deep trolls
  3 glowing orange brains
  Lodul (D:14)
  4 goliath frogs
  9 sea snakes (Snake:4)
  11 deep elf archers
  An orange crystal statue (IceCv)
  3 bog bodies
  A swamp dragon (shapeshifter) (Vaults:5)
  2 spriggan druids
  4 phantasmal warriors
  13 swamp dragons
  An obsidian statue (Depths:4)
  4 harpies (Vaults:4)
  7 naga ritualists
  33 deep elf zephyrmancers
  3 wizards (Vaults:2)
  5 necromancers
  5 lindwurms
  12 orc knights
  Pikel (D:7)
  23 deep elf pyromancers
  5 orc sorcerers (Orc:2)
  12 mana vipers
  A wolf spider (Vaults:5)
  18 ironbound convokers
  A fire giant zombie (Vaults:4)
  A tengu skeleton (Vaults:2)
  A mana viper (shapeshifter) (Depths:2)
  A frost giant zombie (Vaults:2)
  A stone giant zombie (Vaults:4)
  3 manticores
  62 ugly things
  A moth of wrath (shapeshifter) (Vaults:5)
  6 cyclopes
  A will-o-the-wisp (Swamp:3)
  A salamander (shapeshifter) (D:13)
  15 elephants
  18 moths of wrath
  13 salamanders
  45 black mambas
  15 vault sentinels
  6 guardian serpents
  9 naga magi
  A torpor snail (Lair:5)
  An elephant (shapeshifter) (Vaults:5)
  An eye of devastation (Depths:1)
  14 cane toads
  2 smoke demons
  A water nymph (shapeshifter) (Elf:1)
  2 gargoyles (D:12)
  3 orange demons
  Maggie (D:8)
  15 rime drakes
  3 komodo dragons
  16 yaktaurs
  2 kobold demonologists (D:12)
  A hellion (D:6)
  5 ice devils
  3 freezing wraiths (Vaults:5)
  A tengu conjurer (Depths:3)
  3 tormentors
  A red devil (Depths:4)
  2 human zombies
  15 polar bears (IceCv)
  9 trolls
  A meliai (shapeshifter) (Depths:2)
  A bloated husk (Swamp:3)
  3 meliai (D:13)
  2 queen bees (shapeshifter) (D:15)
  35 slime creatures
  A polar bear (shapeshifter) (Depths:3)
  11 hornets
  3 tyrant leeches
  A tengu simulacrum (Vaults:4)
  17 blink frogs
  3 dream sheep (Lair:5)
  A shadow (D:10)
  Sigmund (D:2)
  A jumping spider (Vaults:2)
  3 ynoxinuls
  16 water elementals
  16 spriggans
  2 wyverns
  3 wraiths
  An air elemental (Elf:1)
  A hog (shapeshifter) (Depths:2)
  64 yaks
  A vampire (D:10)
  4 fire elementals
  A human (shapeshifter) (D:15)
  5 basilisks
  2 chaos spawn
  10 vampire mosquitoes
  2 steam dragons
  A redback (Vaults:4)
  8 wargs
  2 neqoxecs (Depths:4)
  36 nagas
  8 water moccasins
  6 hell hounds (Snake:1)
  21 swamp worms
  An acid dragon (D:13)
  4 large abominations
  A floating eye (shapeshifter) (Vaults:5)
  3 floating eyes (Depths:1)
  34 orc warriors
  6 swamp drakes (Swamp:4)
  An ice beast (D:5)
  5 black bears
  3 black bears (shapeshifter)
  A sky beast (D:7)
  10 ogres
  38 wolves
  8 centaurs
  4 lemures
  11 bullfrogs
  7 kobold brigands
  4 necrophages
  4 gnoll sergeants
  3 scorpions
  An earth elemental (Elf:1)
  10 wights
  2 human skeletons
  15 killer bees
  2 vampire bats (Lair:1)
  4 electric eels
  3 howler monkeys
  3 jellies
  22 orc priests
  9 hounds
  2 gnoll boudas
  Natasha (thrice) (D:2)
  2 iguanas
  54 orc wizards
  34 gnolls
  8 adders
  2 white imps
  4 worms
  2 dart slugs
  90 orcs
  3 endoplasms
  3 giant cockroaches
  8 hobgoblins
  4 jackals (D:1)
  43 kobolds
  3 quokkas
  7 ball pythons
  12 bats
  A frilled lizard (D:3)
  8 goblins
  A rat (D:1)
2132 creatures vanquished.

Vanquished Creatures (others)
  A draconian knight (Zot:1)
  A deep elf knight (Elf:1)
  An orc wizard (Orc:1)
  An orc (Depths:4)
  2 foxfires (Swamp:3)
  17 fungi
  164 plants
187 creatures vanquished.

Grand Total: 2319 creatures vanquished

Table legend:
 A = Non-vault XP
 B = Vault XP
 C = Vault XP percentage of total XP
 D = Non-vault monster count
 E = Vault monster count
 F = Vault count percentage of total count
                 A         B        C        D         E       F
            +---------+---------+-------+---------+---------+-------
      Total |  673009 |  626910 |  48.2 |    1372 |     734 |  34.9
            +---------+---------+-------+---------+---------+-------
        D:1 |      58 |       0 |   0.0 |      25 |       0 |   0.0
        D:2 |     144 |     258 |  64.2 |      19 |       2 |   9.5
        D:3 |     156 |       0 |   0.0 |      15 |       0 |   0.0
        D:4 |     222 |       0 |   0.0 |      21 |       0 |   0.0
        D:5 |     956 |       0 |   0.0 |      32 |       0 |   0.0
        D:6 |     862 |       0 |   0.0 |      27 |       0 |   0.0
        D:7 |    1329 |     730 |  35.5 |      34 |       4 |  10.5
        D:8 |    1426 |     903 |  38.8 |      19 |       3 |  13.6
        D:9 |    3244 |       0 |   0.0 |      22 |       0 |   0.0
       D:10 |    4030 |     681 |  14.5 |      49 |       8 |  14.0
       D:11 |    4467 |     860 |  16.1 |      32 |       1 |   3.0
       D:12 |    5438 |       0 |   0.0 |      28 |       0 |   0.0
       D:13 |   10166 |       0 |   0.0 |      27 |       0 |   0.0
       D:14 |    5411 |    5557 |  50.7 |      14 |      11 |  44.0
       D:15 |   11500 |    5229 |  31.3 |      27 |      10 |  27.0
     Lair:1 |    8007 |     207 |   2.5 |      28 |      10 |  26.3
     Lair:2 |   17196 |     812 |   4.5 |      45 |       5 |  10.0
     Lair:3 |    4176 |      55 |   1.3 |      21 |       1 |   4.5
     Lair:4 |    9598 |       0 |   0.0 |      31 |       0 |   0.0
     Lair:5 |    5853 |    8290 |  58.6 |      26 |      20 |  43.5
    Swamp:1 |   13218 |       0 |   0.0 |      26 |       0 |   0.0
    Swamp:2 |   10419 |       0 |   0.0 |      24 |       0 |   0.0
    Swamp:3 |   10642 |       0 |   0.0 |      16 |       0 |   0.0
    Swamp:4 |   13302 |   16461 |  55.3 |      26 |      27 |  50.9
    Snake:1 |   16172 |    7869 |  32.7 |      34 |      13 |  27.7
    Snake:2 |   15472 |       0 |   0.0 |      34 |       0 |   0.0
    Snake:3 |   30746 |    4633 |  13.1 |      53 |       7 |  11.7
    Snake:4 |   18915 |   23559 |  55.5 |      32 |      28 |  46.7
      Orc:1 |    1861 |       0 |   0.0 |      28 |       0 |   0.0
      Orc:2 |    5448 |    5003 |  47.9 |      36 |      47 |  56.6
      Elf:1 |   28365 |   12636 |  30.8 |      47 |      18 |  27.7
      Elf:2 |   19060 |    1662 |   8.0 |      30 |       2 |   6.2
      Elf:3 |     821 |   33160 |  97.6 |       2 |      30 |  93.8
   Vaults:1 |   25187 |    4432 |  15.0 |      33 |       5 |  13.2
   Vaults:2 |   20361 |   19622 |  49.1 |      26 |      32 |  55.2
   Vaults:3 |   30772 |   21192 |  40.8 |      43 |      29 |  40.3
   Vaults:4 |   28804 |   22787 |  44.2 |      41 |      30 |  42.3
   Vaults:5 |   38454 |  130787 |  77.3 |      52 |     109 |  67.7
   Depths:1 |   26674 |   11376 |  29.9 |      32 |      21 |  39.6
   Depths:2 |   37890 |   51420 |  57.6 |      48 |      45 |  48.4
   Depths:3 |   40683 |   26496 |  39.4 |      54 |      38 |  41.3
   Depths:4 |   21901 |   27604 |  55.8 |      20 |      34 |  63.0
      Zot:1 |   39244 |   40429 |  50.7 |      26 |      26 |  50.0
      Zot:4 |   21132 |   16026 |  43.1 |      16 |       9 |  36.0
      Zot:5 |   63227 |  100342 |  61.3 |      51 |      40 |  44.0
     Bailey |       0 |    1963 | 100.0 |       0 |      20 | 100.0
      IceCv |       0 |   23869 | 100.0 |       0 |      49 | 100.0
            +---------+---------+-------+---------+---------+-------

Illustrated notes

Table legend:
 A = Kills in this place as a percentage of kills in entire the game.
 B = Kills by you in this place as a percentage of kills by you in the entire game.
 C = Kills by friends in this place as a percentage of kills by friends in the entire game.
 D = Other kills in this place as a percentage of other kills in the entire game.
 E = Experience gained in this place as a percentage of experience gained in the entire game.
 F = Experience gained in this place divided by the number of levels of this place that you have seen.
                   A       B       C       D       E      F
               +-------+-------+-------+-------+-------+----------------------
         Total | 100.0 | 100.0 |   N/A | 100.0 | 100.0 | 26496.1
       Dungeon |  20.9 |  20.9 |   N/A |   0.0 |   5.9 | 5222.1
          Lair |   8.8 |   8.8 |   N/A |   0.0 |   4.1 | 10838.8
         Swamp |   5.6 |   5.6 |   N/A |   0.0 |   4.8 | 16010.5
     Snake Pit |   9.4 |   9.4 |   N/A |   0.0 |   8.9 | 29341.5
  Orcish Mines |   5.2 |   5.2 |   N/A |   0.0 |   0.9 | 6156.0
   Elven Halls |   6.1 |   6.1 |   N/A |   0.0 |   7.2 | 31901.3
        Vaults |  18.8 |  18.8 |   N/A |   0.0 |  25.8 | 68479.6
        Depths |  14.0 |  14.0 |   N/A |   0.0 |  18.9 | 62657.5
           Zot |   8.0 |   8.0 |   N/A | 100.0 |  21.4 | 56799.0
        Bailey |   0.9 |   0.9 |   N/A |   0.0 |   0.1 | 1963.0
      Ice Cave |   2.3 |   2.3 |   N/A |   0.0 |   1.8 | 23869.0
               +-------+-------+-------+-------+-------+----------------------

Table legend: (Time is in decaauts)
 A = Elapsed time spent in this place.
 B = Non-inter-level travel time spent in this place.
 C = Inter-level travel time spent in this place.
 D = Time resting spent in this place.
 E = Time spent auto-exploring this place.
 F = Levels seen in this place.
 G = Mean time per level.
                   A        B        C        D        E       F      G
               +--------+--------+--------+--------+--------+-----+--------+
         Total |  55625 |  48083 |   7542 |   5678 |  32188 |  50 | 1112.5 |
       Dungeon |  19338 |  15770 |   3568 |   1946 |  10842 |  15 | 1289.2 |
        Temple |     19 |     10 |      9 |      0 |      0 |   1 |   19.0 |
          Lair |   5279 |   4698 |    581 |    383 |   3611 |   5 | 1055.8 |
         Swamp |   3224 |   3012 |    212 |    436 |   2085 |   4 |  806.0 |
     Snake Pit |   5239 |   5041 |    198 |    446 |   3842 |   4 | 1309.8 |
  Orcish Mines |   1735 |   1361 |    374 |     21 |   1031 |   2 |  867.5 |
   Elven Halls |   2472 |   2271 |    201 |      0 |   1738 |   3 |  824.0 |
        Vaults |   7603 |   6807 |    796 |    485 |   4576 |   5 | 1520.6 |
        Depths |   7130 |   5829 |   1301 |   1287 |   3264 |   4 | 1782.5 |
           Zot |   2410 |   2113 |    297 |    451 |    628 |   5 |  482.0 |
        Bailey |    394 |    394 |      0 |      0 |    227 |   1 |  394.0 |
      Ice Cave |    777 |    777 |      0 |    221 |    339 |   1 |  777.0 |
               +--------+--------+--------+--------+--------+-----+--------+

Top non-repeatable levels by time:
Depths:3: 2884 daAuts
    D:15: 1951 daAuts
Vaults:3: 1790 daAuts
    D:14: 1742 daAuts
     D:6: 1690 daAuts
 Snake:3: 1676 daAuts
     D:7: 1665 daAuts
Depths:1: 1651 daAuts
     D:8: 1626 daAuts
Vaults:2: 1572 daAuts
Vaults:4: 1542 daAuts
    D:10: 1512 daAuts
 Snake:1: 1498 daAuts
  Lair:2: 1475 daAuts
Depths:2: 1396 daAuts
